 Dungeon Crawl Stone Soup version 0.17-a0-1830-g81820eb (webtiles) character file.

200 KambridgeKobold the Covered (level 5, -1/48 HPs)
             Began as a Minotaur Fighter on Sept 13, 2015.
             Succumbed to Robin's poison
             ... on level 3 of the Dungeon.
             The game lasted 00:07:05 (1632 turns).

KambridgeKobold the Covered (Minotaur Fighter)      Turns: 1632, Time: 00:07:05

Health: -1/48      AC: 11    Str: 18 (21) XL:     5   Next: 49%
Magic:  4/4        EV:  7    Int:  5      God:
Gold:   46         SH:  0    Dex: 10      Spells: 0 memorised, 4 levels left

rFire  . . .     SeeInvis .     a - +0 war axe
rCold  . . .     Clarity  .     c - +0 chain mail (curse)
rNeg   . . .     SustAt   .     (no shield)
rPois  .         Gourm    .     (helmet restricted)
rElec  .         Spirit   .     (no cloak)
rCorr  .         Warding  .     (no gloves)
rMut   .         Stasis   .     n - +0 pair of boots
MR     .....                    (no amulet)
Stlth  ..........               (no ring)
                                (no ring)

@: lethally poisoned (-1 -> -27), not resistant to hostile enchantments,
extremely unstealthy
A: retaliatory headbutt, horns 2
a: no special abilities


You were on level 3 of the Dungeon.
You were hungry.

You visited 1 branch of the dungeon, and saw 3 of its levels.

You collected 46 gold pieces.

Inventory:

Hand weapons
 a - a +0 war axe (weapon)
Armour
 b - a +0 scale mail
 c - a cursed +0 chain mail (worn)
 h - a +0 chain mail
 n - a +0 pair of boots (worn)
Scrolls
 f - 2 scrolls of fog {unknown}
 l - a scroll of remove curse {unknown}
 m - 2 scrolls of noise {unknown}
Potions
 d - a potion of might
Comestibles
 e - a bread ration
 g - 5 chunks of flesh
 k - a meat ration
 o - a beef jerky


   Skills:
 + Level 5.1 Fighting
 + Level 4.3 Axes
 + Level 5.3 Armour
   Level 3.6 Shields


You had 4 spell levels left.
You didn't know any spells.

Dungeon Overview and Level Annotations

Branches:
Dungeon (3/15)

Altars:

Annotations:
D:3 Robin


Innate Abilities, Weirdness & Mutations

You reflexively headbutt those who attack you in melee.
You have a pair of horns on your head.


Message History

The goblin goes into a battle-frenzy!
Robin hits you but does no damage.
You are more poisoned.
You miss the goblin. You headbutt the goblin.
The goblin is lightly wounded.
* * * LOW HITPOINT WARNING * * *
You feel very sick. The goblin hits you.
* * * LOW HITPOINT WARNING * * *
Robin barely misses you.
Drink which item? (? for menu, Esc to quit)
It was a potion of degeneration.
There was something very wrong with that liquid.
You feel weakened.
* * * LOW HITPOINT WARNING * * *
You feel very sick. The goblin hits you but does no damage.
Robin barely misses you.
Drink which item? (? for menu, Esc to quit)
It was a potion of cancellation.
You feel magically purged.
You die...

##...###########
#.#.# #.......#
#.#.# #.####.##
#.#.# #.####.#
#.#.###...##.#
#.#.....#.#..#
#[........#.##
#######.###<.##
#@#.....#
#g#.#..(#
#.....g)#.#.###
####..#.#...#
#..#.#.... #.
#.##### #. #.# #
#.# #.#


You could see Robin and a goblin (frenzied).

Vanquished Creatures
  The ghost of WhatIsLove the Charmwright, an average DrSk (D:3)
  Natasha (D:3)
  3 adders (D:2)
  An ooze (D:2)
  A worm (D:2)
  A giant gecko (D:2)
  2 ball pythons
  5 bats
  A giant cockroach (D:2)
  13 goblins
  10 hobgoblins
  6 jackals
  2 quokkas (D:2)
  3 giant newts
  3 kobolds
  4 rats
57 creatures vanquished.

Notes
Turn   | Place    | Note
--------------------------------------------------------------
     0 | D:1      | KambridgeKobold the Minotaur Fighter began the quest for the Orb.
     0 | D:1      | Reached XP level 1. HP: 19/19 MP: 0/0
   143 | D:1      | Reached XP level 2. HP: 24/27 MP: 1/1
   148 | D:1      | Reached skill level 4 in Armour
   587 | D:2      | Reached XP level 3. HP: 33/33 MP: 2/2
   927 | D:2      | Reached XP level 4. HP: 37/41 MP: 3/3
  1410 | D:3      | Noticed WhatIsLove's ghost (average DrSk)
  1424 | D:3      | Killed WhatIsLove's ghost
  1424 | D:3      | Reached skill level 5 in Fighting
  1424 | D:3      | Reached skill level 5 in Armour
  1424 | D:3      | Reached XP level 5. HP: 33/48 MP: 4/4
  1543 | D:3      | Noticed Natasha
  1550 | D:3      | Killed Natasha
  1611 | D:3      | Noticed Robin
  1631 | D:3      | HP: 1/48 [poisoned by Robin]
  1632 | D:3      | Succumbed to Robin's poison

Vault maps used:
D:1:      dpeg_arrival_tiny_c
D:2:      minmay_box_of_dots
D:3:      forest_paths, uniq_grinder, uniq_natasha, uniq_robin

Action                   |  1- 3 |  4- 6 || total
-------------------------+-------+-------++-------
Melee: War axe           |    76 |    54 ||   130
  Use: Potion            |       |     2 ||     2
  Eat: Chunk             |       |     2 ||     2
